 Dungeon Crawl Stone Soup version 0.19-a0-1856-g32653aa (webtiles) character file.

10943 JeffiDaFish the Covert (level 11, -11/76 HPs)
             Began as a Vampire Enchanter on Oct 11, 2016.
             Was an Elder of Dithmenos.
             Killed from afar by tmt's ghost (18 damage)
             ... with a lance of force
             ... on level 11 of the Dungeon on Oct 12, 2016.
             The game lasted 01:27:45 (16093 turns).

JeffiDaFish the Covert (Vampire Enchanter)         Turns: 16093, Time: 01:27:46

Health: -11/76     AC:  6    Str:  9    XL:     11   Next: 42%
Magic:  2/30       EV: 15    Int: 19    God:    Dithmenos [****..]
Gold:   48         SH:  6    Dex: 15    Spells: 7 memorised, 1 level left

rFire  x . .     SeeInvis +     a - +3 dagger
rCold  + . .     Gourm    .     b - +1 robe
rNeg   + . .     Faith    .     (no shield)
rPois  .         Spirit   .     (no helmet)
rElec  .         Dismiss  .     o - +2 cloak {MR+}
rCorr  .         Reflect  +     (no gloves)
MR     ++...     Harm     .     (no boots)
Stlth  ++++++++..               x - +6 amulet of reflection
                                z - ring of magical power
                                e - ring of ice

@: about to teleport, wreathed by umbra
A: fangs 3, see invisible, unbreathing
a: Bat Form, Shadow Step, Renounce Religion


You were on level 11 of the Dungeon.
You worshipped Dithmenos.
Dithmenos was greatly pleased with you.
You were not thirsty.

You visited 2 branches of the dungeon, and saw 12 of its levels.

You collected 627 gold pieces.
You spent 579 gold pieces at shops.

Inventory:

Hand Weapons
 a - a +3 dagger (weapon)
Armour
 b - a +1 robe (worn)
 o - a +2 cloak of magic resistance (worn)
Jewellery
 e - a ring of ice (left hand)
 x - a +6 amulet of reflection (around neck)
 z - a ring of magical power (right hand)
Wands
 q - a wand of confusion (25/48)
 s - a wand of teleportation (1/9)
Scrolls
 f - a scroll of amnesia
 i - 6 scrolls of teleportation
 l - 5 scrolls of identify
 t - 5 scrolls of remove curse
 w - a scroll of blinking
 y - 2 scrolls of recharging
Potions
 d - 3 potions of blood
 g - a potion of haste
 h - 2 potions of curing
 j - 2 potions of brilliance
 n - a potion of cure mutation
 p - 3 potions of flight
 v - a potion of agility
Books
 c - a book of Maledictions

   Spells                             Type                      Level
   a - Corona                         Hexes                        1
   b - Ensorcelled Hibernation        Hexes/Ice                    2
   c - Confuse                        Hexes                        3
   d - Tukima's Dance                 Hexes                        3
   e - Dazzling Spray                 Conjuration/Hexes            3
 k - a book of Conjurations

   Spells                             Type                      Level
   a - Magic Dart                     Conjuration                  1
   b - Searing Ray                    Conjuration                  2
   c - Dazzling Spray                 Conjuration/Hexes            3
   d - Fulminant Prism                Conjuration/Hexes            4
   e - Iskenderun's Mystic Blast      Conjuration                  4
   f - Iskenderun's Battlesphere      Conjuration/Charms           5
 m - a book of the Tempests

   Spells                             Type                      Level
   a - Static Discharge               Conjuration/Air              3
   b - Lightning Bolt                 Conjuration/Air              5
   c - Fireball                       Conjuration/Fire             5
   d - Tornado                        Air                          9
   e - Shatter                        Earth                        9


   Skills:
 + Level 3.6 Fighting
 + Level 8.0 Short Blades
 + Level 5.8 Dodging
 + Level 13.7 Stealth
 + Level 6.8 Spellcasting
 * Level 4.7 Conjurations
 + Level 10.8 Hexes
 + Level 4.1 Ice Magic
 + Level 0.1 Evocations


You had one spell level left.
You knew the following spells:

 Your Spells              Type           Power        Failure   Level  Hunger
a - Corona                Hex            #####..      1%          1    None
b - Ensorcelled Hibernat  Hex/Ice        ######       1%          2    None
c - Confuse               Hex            #####...     1%          3    ##.....
d - Dazzling Spray        Conj/Hex       #####.       1%          3    ##.....
e - Fulminant Prism       Conj/Hex       #####.....   4%          4    ####...
f - Iskenderun's Mystic   Conj           ###.....     17%         4    ####...
g - Lightning Bolt        Conj/Air       ###.......   91%         5    #####..


Dungeon Overview and Level Annotations

Branches:
Dungeon (11/15)            Temple (1/1) D:4            Lair (0/6) D:11
    Orc (0/2) D:10

Altars:
Ashenzari
Cheibriados
Dithmenos
Elyvilon
Fedhas
Gozag
Hepliaklqana
Kikubaaqudgha
Makhleb
Nemelex Xobeh
Okawaru
Qazlal
Ru
Trog
Uskayaw
Vehumet
Xom
Yredelemnul
Zin
The Shining One

Shops:
D:9 !:=(?

Annotations:
D:11 tmt's ghost, journeyman HuIE


Innate Abilities, Weirdness & Mutations

You have razor-sharp teeth.
You have supernaturally acute eyesight. (SInv)
You can survive without breathing.


Message History

Tmt's ghost is heavily damaged.
You barely miss tmt's ghost.
Tmt's ghost is heavily damaged.
Tmt's ghost hits you.
* * * LOW HITPOINT WARNING * * *
You hit tmt's ghost but do no damage. Your bite misses tmt's ghost.
Tmt's ghost is heavily damaged.
Tmt's ghost gestures at you while chanting.
The puff of frost hits you! You resist.
* * * LOW HITPOINT WARNING * * *
Zapping:
s - a wand of teleportation {zapped: 3} (will waste charges)
Press: ? - help, Shift-Dir - straight line, f - you, p - tmt's ghost You feel strangely unstable.
Evoking this partially-identified wand wasted a few charges.
Tmt's ghost hits you.
* * * LOW HITPOINT WARNING * * *
A worker ant comes into view.
Tmt's ghost gestures at you while chanting.
The lance of force hits you!
You die...

#######
#.....#....#.
#.....#....'
#.....#....#
#...@.#....###
#.....#.......
#....W#.......
#.....#.......
#.....'5......
#....a#....###
#.....#...>#
#.....#....#
#.....#....#


You could see a worker ant (wandering) and tmt's ghost.

Vanquished Creatures
  Fannar (D:10)
  2 hill giants (D:10)
  2 cyclopes
  2 two-headed ogres
  A hippogriff (D:9)
  2 vampires
  2 wyverns
  7 yaks
  A hungry ghost (D:8)
  3 ice beasts
  2 sky beasts
  3 phantoms
  2 black bears
  2 orc warriors
  5 ogres
  4 centaurs
  A crocodile (D:9)
  A big kobold (D:10)
  5 bullfrogs
  A gnoll sergeant (D:9)
  A wyvern zombie (D:9)
  A water moccasin zombie (D:8)
  A wyvern skeleton (D:9)
  3 scorpions
  7 killer bees
  2 electric eels (D:10)
  6 howler monkeys
  8 crimson imps
  2 centaur zombies
  3 quasits
  A bullfrog zombie (D:6)
  6 hounds
  9 jellies
  Crazy Yiuf (D:3)
  6 orc priests
  2 centaur skeletons
  15 orc wizards
  5 bullfrog skeletons
  Jessica (D:2)
  9 worker ants
  A hound skeleton (D:4)
  3 howler monkey zombies
  17 adders
  18 gnolls
  3 shadow imps
  2 adder zombies
  4 adder skeletons
  2 worms
  3 dart slugs
  4 leopard geckos
  49 orcs
  4 ball pythons
  4 bats
  6 giant cockroaches
  3 goblins
  10 hobgoblins
  3 iguanas
  5 jackals
  6 quokkas
  7 frilled lizards
  10 kobolds
  7 rats
  3 fulminant prisms (D:10)
  3 fungi (D:10)
315 creatures vanquished.

Vanquished Creatures (collateral kills)
  A worker ant (D:10)
1 creature vanquished.

Vanquished Creatures (others)
  A howler monkey (D:10)
  19 fulminant prisms
  A fungus (D:10)
21 creatures vanquished.

Grand Total: 337 creatures vanquished

Notes
Turn   | Place    | Note
-------+----------+-------------------------------------------
     0 | D:1      | JeffiDaFish the Vampire Enchanter began the quest for the Orb.
     0 | D:1      | Reached XP level 1. HP: 13/13 MP: 3/3
   536 | D:1      | Reached XP level 2. HP: 19/19 MP: 5/5
   540 | D:1      | Learned a level 2 spell: Ensorcelled Hibernation
   629 | D:1      | Reached skill level 5 in Stealth
  1126 | D:2      | Noticed Jessica
  1144 | D:2      | Killed Jessica
  1144 | D:2      | Reached skill level 5 in Hexes
  1144 | D:2      | Reached XP level 3. HP: 22/25 MP: 1/6
  1287 | D:2      | Reached XP level 4. HP: 30/31 MP: 4/7
  1488 | D:2      | Found a burning altar of Makhleb.
  1787 | D:3      | Reached skill level 6 in Stealth
  2178 | D:3      | Reached skill level 1 in Fighting
  2180 | D:3      | Reached XP level 5. HP: 10/37 MP: 5/8
  2541 | D:3      | Learned a level 3 spell: Confuse
  2849 | D:3      | Found a bloodstained altar of Trog.
  3448 | D:3      | Found a runed door.
  3452 | D:3      | Noticed Crazy Yiuf
  3460 | D:3      | Killed Crazy Yiuf
  3622 | D:4      | Noticed a phantom
  3640 | D:4      | Killed a phantom
  3640 | D:4      | Reached skill level 7 in Stealth
  3640 | D:4      | Reached XP level 6. HP: 24/43 MP: 9/9
  3936 | D:4      | Found a staircase to the Ecumenical Temple.
  3942 | Temple   | Entered the Ecumenical Temple
  4380 | D:4      | Reached skill level 1 in Ice Magic
  4651 | D:4      | Reached skill level 8 in Stealth
  4934 | D:4      | Reached XP level 7. HP: 48/48 MP: 4/11
  5145 | D:5      | Entered Level 5 of the Dungeon
  5480 | D:5      | Learned a level 3 spell: Dazzling Spray
  5570 | D:5      | Reached skill level 9 in Stealth
  6408 | D:6      | Reached XP level 8. HP: 50/56 MP: 5/12
  6674 | D:6      | Reached skill level 5 in Short Blades
  7175 | D:7      | Reached skill level 10 in Stealth
  7342 | D:7      | Found a shimmering altar of Xom.
  7390 | D:7      | Found a snail-covered altar of Cheibriados.
  7409 | D:7      | Learned a level 4 spell: Fulminant Prism
  7998 | D:7      | Found a shadowy altar of Dithmenos.
  8008 | D:7      | Became a worshipper of Dithmenos the Shadowed
  8087 | D:7      | Noticed a cyclops
  8206 | D:7      | Killed a cyclops
  8206 | D:7      | Reached skill level 11 in Stealth
  8206 | D:7      | Reached skill level 1 in Conjurations
  8206 | D:7      | Reached XP level 9. HP: 42/62 MP: 5/15
  9094 | D:8      | Reached * piety under Dithmenos
  9595 | D:8      | Reached skill level 5 in Spellcasting
  9601 | D:8      | Learned a level 4 spell: Iskenderun's Mystic Blast
  9801 | D:8      | Reached ** piety under Dithmenos
  9862 | D:8      | Got an opalescent robe
  9873 | D:8      | Identified the cursed +0 robe of Resilience {+Fly} (You took it off an orc on level 8 of the Dungeon)
  9926 | D:8      | Reached XP level 10. HP: 41/68 MP: 17/17
 10178 | D:8      | Reached skill level 5 in Dodging
 10308 | D:8      | Reached skill level 12 in Stealth
 10774 | D:9      | Found Teos's Magic Scroll Shop.
 10781 | D:9      | Bought a scroll of identify for 34 gold pieces
 10781 | D:9      | Bought a scroll of enchant weapon for 127 gold pieces
 10781 | D:9      | Bought a scroll of identify for 34 gold pieces
 10781 | D:9      | Bought a scroll of identify for 34 gold pieces
 11033 | D:9      | Found Othrunwur's Antique Weapon Emporium.
 11153 | D:9      | Found Nooblos's Jewellery Emporium.
 11487 | D:9      | Reached skill level 10 in Hexes
 11643 | D:9      | Reached *** piety under Dithmenos
 11775 | D:9      | Found Piush's Distillery.
 11779 | D:9      | Found Efim's Book Shoppe.
 12013 | D:10     | Entered Level 10 of the Dungeon
 12035 | D:10     | Noticed a hill giant
 12045 | D:10     | Killed a hill giant
 12271 | D:10     | Noticed a hill giant
 12278 | D:10     | Killed a hill giant
 12278 | D:10     | Reached skill level 13 in Stealth
 12405 | D:10     | Found a staircase to the Orcish Mines.
 12452 | D:10     | Reached XP level 11. HP: 73/75 MP: 20/20
 13068 | D:9      | Bought a +6 amulet of reflection for 350 gold pieces
 13495 | D:10     | Reached **** piety under Dithmenos
 13966 | D:11     | Found a staircase to the Lair.
 14025 | D:11     | Noticed Fannar
 14027 | D:11     | Noticed a brown ugly thing
 15095 | D:10     | Noticed a hill giant
 15099 | D:10     | HP: 1/75 [ice beast[Fannar] (4)]
 15667 | D:10     | Learned a level 5 spell: Lightning Bolt
 15791 | D:10     | Killed Fannar
 16069 | D:11     | Noticed tmt's ghost (journeyman HuIE)
 16093 | D:11     | Killed from afar by tmt's ghost

Vault maps used:
D:1:      dpeg_arrival_pits, serial_forest, infiniplex_forest_clump_double,
          infiniplex_forest_corner_2, infiniplex_forest_lined_1,
          infiniplex_forest_lined_1, infiniplex_forest_pool,
          infiniplex_forest_lined_3_way, infiniplex_forest_end_2
D:2:      hangedman_decor_growths, bloody_makhleb, uniq_jessica
D:3:      lemuel_doored_altar, kennysheep_boxes, uniq_crazy_yiuf_cottage
D:4:      first_bread, st_stairs_6
D:5:      serial_bayou_pond_b, due_unseen_surprise
D:7:      minmay_cornered_nines, nicolae_dithmenos_the_darkroom,
          nicolae_overflow_hidden_temple, dk_xom_monty_hall
D:9:      serial_shops, shop, shop_fountains, shop, nicolae_shop_waterfront,
          shop
D:10:     hangedman_cross_stitches, water_boxes_lemuel
D:11:     lair_0_dummy, uniq_josephine, uniq_fannar
Temple:   kb_temple_of_zot

Skill      XL: |  1  2  3  4  5  6  7  8  9 10 11 |
---------------+----------------------------------+-----
Stealth        | 5 6 7 8 9 11 13 | 13.7
Hexes          | 5 6 8 9 10 | 10.8
Short Blades   | 2 3 4 5 6 7 8 |  8.0
Fighting       | 1 2 3 |  3.6
Dodging        | 3 4 5 |  5.8
Ice Magic      | 1 2 3 4 |  4.1
Spellcasting   | 3 4 5 6 |  6.8
Conjurations   | 1 2 4 |  4.7
Evocations     | |  0.1

Action                   |  1- 3 |  4- 6 |  7- 9 | 10-12 || total
-------------------------+-------+-------+-------+-------++-------
Melee: Dagger            |    99 |   242 |   427 |   768 ||  1536
       Bite              |    12 |    30 |    40 |    87 ||   169
       Unarmed           |       |       |       |    60 ||    60
 Cast: Ensorcelled Hiber |     3 |    21 |    52 |    39 ||   115
       Confuse           |       |     6 |    39 |    43 ||    88
       Dazzling Spray    |       |       |     3 |     4 ||     7
       Fulminant Prism   |       |       |     1 |    21 ||    22
       Iskenderun's Myst |       |       |       |    13 ||    13
 Abil: End Transformatio |       |       |       |     2 ||     2
       Bat Form          |       |       |       |     2 ||     2
Evoke: Wand              |       |       |     1 |     1 ||     2
  Use: Potion            |     2 |    18 |    21 |    32 ||    73
       Scroll            |     1 |     6 |     7 |     7 ||    21
 Stab: Sleeping          |     7 |    24 |    52 |    39 ||   122
       Distracted        |       |     1 |     1 |     1 ||     3
       Confused          |       |     2 |    22 |    18 ||    42
       Invisible         |       |       |     1 |     1 ||     2
Armor: Robe              |    36 |    40 |    55 |    74 ||   205
Dodge: Dodged            |    80 |   123 |   217 |   344 ||   764
Block: Other             |       |       |       |    37 ||    37
       Reflection        |       |       |       |     1 ||     1
